 Dungeon Sprint DCSS version 0.27-a0-1139-g28e009f8a6 (webtiles) character file.

Game seed: 16256660634201174283

1784 Zeld the Arsonist (level 9, -2/66 HPs)
             Began as an Octopode Fire Elementalist on May 8, 2021.
             Was a Priest of Sif Muna.
             Killed from afar by a burning bush (11 damage)
             ... with a puff of flame
             ... in the Dungeon (Sprint IV: "Fedhas' Mad Dash").
             The game lasted 00:07:26 (6617 turns).

Zeld the Arsonist (Octopode Fire Elementalist)      Turns: 6617, Time: 00:07:27

Health: -2/66      AC:  1    Str:  7    XL:     9   Next: 8%
Magic:  8/20       EV: 16    Int: 20    God:    Sif Muna [***...]
Gold:   115        SH:  0    Dex: 13    Spells: 10/23 levels left

rFire    . . .     SeeInvis .   (no weapon)
rCold    . . .     Faith    .   (no shield)
rNeg     . . .     Spirit   .   (helmet restricted)
rPois    .         Reflect  .   f - amulet of invisibility {+Inv}
rElec    .         Harm     .   (no ring)
rCorr    .         Rampage  .   (no ring)
Will     .....     NoTele   +   (no ring)
Stlth    +++.......             (no ring)
HPRegen  0.21/turn              (no ring)
MPRegen  0.17/turn              (no ring)
                                (no ring)
                                (no ring)

@: no status effects
A: almost no armour, amphibious, 8 rings, camouflage 1, gelatinous body 1,
(nimble swimmer 1), tentacles
a: Renounce Religion, Evoke Invisibility, Channel Magic, Forget Spell


You were in the Dungeon.
You worshipped Sif Muna.
Sif Muna was most pleased with you.
You visited 1 branch You collected 115 gold pieces.

Inventory:

Jewellery
 f - the amulet of invisibility (around mantle) {+Inv}
   (You found it in the Dungeon)

   [amulet of nothing]

   It lets you turn invisible.
Scrolls
 a - a scroll of magic mapping {unknown}
 g - a scroll of vulnerability {unknown}
Potions
 b - a potion of curing
 c - a potion of brilliance {unknown}
 d - a potion of haste
 e - 2 potions of magic


   Skills:
 + Level 8.0 Fighting
 + Level 8.4 Dodging
 - Level 2.6 Stealth
 + Level 7.6 Spellcasting
 + Level 8.2 Conjurations
 * Level 11.8 Fire Magic


You had 10 spell levels left.
You knew the following spells:

 Your Spells              Type           Power      Damage    Failure   Level
a - Foxfire               Conj/Fire      100%       2x1d9     1%          1
b - Conjure Flame         Conj/Fire      47%        6-21      1%          3
c - Sticky Flame          Conj/Fire      47%        2d6       1%          4
d - Fireball              Conj/Fire      23%        3d11      4%          5

Your spell library contained the following spells:

 Spells                   Type           Power      Damage    Failure   Level
 Magic Dart               Conj           100%       1d8       1%          1
 Inner Flame              Hex/Fire       31%        N/A       2%          3
 Mephitic Cloud           Conj/Pois/Air  18%        N/A       9%          3
 Blink                    Tloc           N/A        N/A       13%         2
 Call Imp                 Summ           7%         N/A       13%         2
 Slow                     Hex            7%         N/A       13%         2


Dungeon Overview and Level Annotations

Branches:
Dungeon (1/1)

Altars:
Cheibriados
Dithmenos
Elyvilon
Gozag
Hepliaklqana
Kikubaaqudgha
Makhleb
Nemelex Xobeh
Okawaru
Qazlal
Ru
Sif Muna
Trog
Uskayaw
Vehumet
Wu Jian
Xom
Yredelemnul
Zin
The Shining One
Beogh
Jiyva
Lugonu

Shops:
D :([[

Annotations:
D exclusions: oklob plant and oklob sapling


Innate Abilities, Weirdness & Mutations

You cannot wear most types of armour.
You are amphibious.
You can wear up to eight rings at the same time.
Your skin changes colour to match your surroundings (Stealth+).
Your rubbery body absorbs attacks. (AC +1, EV +1)
((You are camouflaged near water. (Stealth+)))
You have tentacles for arms and can constrict up to eight enemies at once.


Message History

The fireball explodes!
The fireball engulfs the burning bush.
The burning bush resists.
The burning bush is severely damaged.
Unknown command.
Unknown command.
Unknown command.
Casting: Fireball (dangerous; 4% risk of failure)
Confirm with . or Enter, or press ? or * to list all spells.
You don't have enough magic to cast this spell.
The burning bush throws fire at you. The puff of flame hits you!
You fail to use your ability.
You fail to use your ability.
You fail to use your ability.
The burning bush throws fire at you. The puff of flame hits you!
Casting: Fireball (dangerous; 4% risk of failure)
Confirm with . or Enter, or press ? or * to list all spells.
Aiming: Fireball (dangerous; 4% risk of failure)
Press: ? - help, Shift-Dir - straight line, f/p - burning bush
Aim: a burning bush (severely damaged)
The fireball explodes!
The fireball engulfs the burning bush.
The burning bush resists.
The burning bush is severely damaged.
The burning bush throws fire at you. The puff of flame hits you!
* * * LOW HITPOINT WARNING * * *
Unknown command.
Casting: Fireball (dangerous; 4% risk of failure)
Confirm with . or Enter, or press ? or * to list all spells.
Aiming: Fireball (dangerous; 4% risk of failure)
Press: ? - help, Shift-Dir - straight line, f/p - burning bush
Aim: a burning bush (severely damaged)
The fireball explodes!
The fireball engulfs the burning bush!
The burning bush resists.
The burning bush is almost destroyed.
You feel less invigorated. The burning bush throws fire at you.
The puff of flame hits you!
You die...

########################
#<...#.....#.....#.⌠._._
#PP..÷.[...'.#(..'.._._.
#PPP.#.....#.#...#..._._
###############'##.._._.
#............'...#._._._
#......♣.....#...#######
#.....♣.....######
##'####@######P
#..#$$$$+......
#.[#P"###P...P. #######
#####


You could see a burning bush.

Vanquished Creatures
  An oklob plant (D)
  2 wandering mushrooms (D)
  A queen bee (D)
  A burning bush (D)
  3 scorpions (D)
  4 killer bees (D)
  4 oklob saplings (D)
  2 spriggans (D)
  A river rat (D)
  A rat (D)
20 creatures vanquished.

Vanquished Creatures (collateral kills)
  3 foxfires (D)
3 creatures vanquished.

Vanquished Creatures (others)
  110 foxfires (D)
  2 fungi (D)
112 creatures vanquished.

Grand Total: 135 creatures vanquished

Notes
Turn   | Place    | Note
-------+----------+-------------------------------------------
     0 | D        | Zeld the Octopode Fire Elementalist began the quest for the
                  | Orb.
     0 | D        | Reached XP level 1. HP: 11/11 MP: 3/3
   341 | D        | Reached skill level 1 in Fighting
   341 | D        | Reached XP level 2. HP: 18/18 MP: 1/5
   589 | D        | Noticed an oklob sapling
   593 | D        | Killed an oklob sapling
   594 | D        | Reached skill level 4 in Fire Magic
   594 | D        | Reached XP level 3. HP: 24/24 MP: 5/7
   595 | D        | Noticed a scorpion
   596 | D        | Found the amulet of invisibility {+Inv}
   600 | D        | Killed a scorpion
   601 | D        | Reached skill level 5 in Fire Magic
   601 | D        | Reached XP level 4. HP: 21/31 MP: 5/9
   649 | D        | Learned a level 3 spell: Conjure Flame
   654 | D        | Learned a level 4 spell: Sticky Flame
   964 | D        | Found an opulent altar of Gozag.
   964 | D        | Found a hazy altar of Hepliaklqana.
   964 | D        | Found a burning altar of Makhleb.
   964 | D        | Found a sparkling altar of Nemelex Xobeh.
   964 | D        | Found a snail-covered altar of Cheibriados.
   964 | D        | Found a sacrificial altar of Ru.
   964 | D        | Found a shimmering blue altar of Sif Muna.
   964 | D        | Found a shimmering altar of Xom.
   964 | D        | Found a basalt altar of Yredelemnul.
   965 | D        | Found a viscous altar of Jiyva.
   965 | D        | Found a bloodstained altar of Trog.
   965 | D        | Found an ornate altar of the Wu Jian Council.
   965 | D        | Noticed an oklob sapling priest
   967 | D        | Found an iron altar of Okawaru.
   967 | D        | Found a shadowy altar of Dithmenos.
   967 | D        | Found a glowing silver altar of Zin.
   968 | D        | Found an ancient bone altar of Kikubaaqudgha.
   968 | D        | Found a hide-covered altar of Uskayaw.
   969 | D        | Found a stormy altar of Qazlal.
   969 | D        | Found a white marble altar of Elyvilon.
   969 | D        | Found a glowing golden altar of the Shining One.
   970 | D        | Found a radiant altar of Vehumet.
   970 | D        | Found a corrupted altar of Lugonu.
   972 | D        | Became a worshipper of Sif Muna the Loreminder
   979 | D        | Killed an oklob sapling priest
   980 | D        | Reached skill level 6 in Fire Magic
   980 | D        | Reached XP level 5. HP: 37/37 MP: 0/11
  1374 | D        | Reached skill level 7 in Fire Magic
  1508 | D        | Reached * piety under Sif Muna
  1509 | D        | Reached skill level 5 in Dodging
  1518 | D        | HP: 1/38 [scorpion (7)]
  1524 | D        | Reached skill level 5 in Spellcasting
  1524 | D        | Reached skill level 5 in Conjurations
  1524 | D        | Reached skill level 8 in Fire Magic
  1524 | D        | Reached XP level 6. HP: 23/45 MP: 4/13
  1530 | D        | Learned a level 5 spell: Fireball
  1767 | D        | Found Menlustri's Weapon Shop.
  1767 | D        | Found Weisimu's Book Emporium.
  1974 | D        | Noticed a burning bush
  1974 | D        | Noticed a wandering mushroom
  1986 | D        | Reached ** piety under Sif Muna
  1987 | D        | Reached skill level 5 in Fighting
  2190 | D        | Noticed a wandering mushroom
  2202 | D        | Killed a wandering mushroom
  2203 | D        | Reached skill level 9 in Fire Magic
  2203 | D        | Reached XP level 7. HP: 44/51 MP: 5/16
  2388 | D        | Killed a wandering mushroom
  2389 | D        | Reached skill level 10 in Fire Magic
  2928 | D        | Noticed a queen bee
  2930 | D        | Reached XP level 8. HP: 58/58 MP: 11/17
  2931 | D        | Reached *** piety under Sif Muna
  3283 | D        | Killed a queen bee
  3284 | D        | Reached skill level 11 in Fire Magic
  3745 | D        | Noticed an oklob plant
  4592 | D        | Killed an oklob plant
  4731 | D        | Noticed a burning bush
  5635 | D        | Noticed a burning bush
  5635 | D        | Noticed an oklob plant
  6282 | D        | Found Xeuhoote's Antique Armour Shoppe.
  6283 | D        | Found Geoxzem's Armour Emporium.
  6306 | D        | Killed a burning bush
  6307 | D        | Reached XP level 9. HP: 40/66 MP: 4/20
  6617 | D        | Killed from afar by a burning bush

Illustrated notes

Levels and vault maps discovered:
D:        dungeon_sprint_fedhas [sprint_temple]

Skill      XL: |  1  2  3  4  5  6  7  8 |
---------------+-------------------------+-----
Fighting       | 1 2 3 4 5 6 8 |  8.0
Dodging        | 3 4 5 6 7 8 |  8.4
Spellcasting   | 3 4 5 6 7 |  7.6
Conjurations   | 2 3 4 5 6 7 8 |  8.2
Fire Magic     | 4 5 6 8 9 10 11 | 11.8
Stealth        | |  2.6

Action                   |  1- 3 |  4- 6 |  7- 9 || total
-------------------------+-------+-------+-------++-------
Melee: Unarmed           |    11 |       |    22 ||    33
       Constrict         |     5 |       |       ||     5
       Tentacles         |     4 |       |     9 ||    13
 Cast: Foxfire           |     3 |    28 |    38 ||    69
       Sticky Flame      |       |     1 |     5 ||     6
       Fireball          |       |     2 |    36 ||    38
       Conjure Flame     |       |       |     1 ||     1
Invok: Channel Magic     |       |       |     5 ||     5
 Abil: Evoke Invisibilit |       |     1 |       ||     1
  Use: Potion            |     1 |     1 |       ||     2
       Scroll            |       |     1 |       ||     1
Dodge: Dodged            |     1 |     4 |    15 ||    20

Table legend: (Time is in decaauts)
 A = Elapsed time spent in this place.
 B = Non-inter-level travel time spent in this place.
 C = Inter-level travel time spent in this place.
 D = Time resting spent in this place.
 E = Time spent auto-exploring this place.
 F = Levels seen in this place.
 G = Mean time per level.
                   A        B        C        D        E       F      G
               +--------+--------+--------+--------+--------+-----+--------+
         Total |   6629 |   6538 |     91 |   6057 |      0 |   1 | 6629.0 |
       Dungeon |   6629 |   6538 |     91 |   6057 |      0 |   1 | 6629.0 |
               +--------+--------+--------+--------+--------+-----+--------+

Top non-repeatable levels by time:
       D: 6629 daAuts
